 Dungeon Crawl Stone Soup version 0.31-a0-182-gc5ef74bbde (webtiles) character file.

Game seed: 6638976217973578515

147 qw the Chopper (level 5, -8/32 HPs)
             Began as a Gargoyle Fighter on June 21, 2023.
             Killed from afar by an oklob plant (17 damage)
             ... with a splash of acid
             ... on level 3 of the Dungeon.
             The game lasted 00:01:26 (2958 turns).

qw the Chopper (Gargoyle Fighter)                   Turns: 2958, Time: 00:01:26

Health: -8/32      AC: 10    Str: 21    XL:     5   Next: 29%
Magic:  5/5        EV:  7    Int:  9    God:
Gold:   170        SH:  4    Dex:  9    Spells: 4/4 levels left

rFire   + . .        Y - +0 war axe (flame)
rCold   . . .        c - +0 buckler
rNeg    + . .        f - +0 chain mail
rPois   inf          (no helmet)
rElec   +            (no cloak)
rCorr   .            (no gloves)
SInv    .            g - +0 pair of boots
Will    +....        (no amulet) Stlth
                     e - ring of protection from fire
HPRegen 0.25/turn    i - ring of willpower
MPRegen 0.09/turn

%: no passive effects
@: corroded
A: sickness immunity, AC +4, negative energy resistance 1, electricity
resistance, torment resistance 1, petrification resistance
a: no special abilities


You were on level 3 of the Dungeon.
You visited 1 branch of the dungeon, and saw 3 of its levels.

You collected 170 gold pieces.


Innate Abilities, Weirdness & Mutations

You are immune to sickness and miasma.
Your stone body is resilient. (AC +4)
You are immune to poison.
You resist negative energy. (rN+)
You are resistant to electric shocks. (rElec)
You are resistant to unholy torment.
You are immune to petrification.


   Skills:
 - Level 3.2 Fighting
 + Level 4.8 Axes
 - Level 3.2 Armour
 - Level 3.2 Shields


You had 4 spell levels left.
You didn't know any spells.
Your spell library was empty.

Inventory:

Hand Weapons
 Y - a +0 war axe of flaming (weapon)
Armour
 c - a +0 buckler (worn)
 f - a +0 chain mail (worn)
 g - a +0 pair of boots (worn)
Jewellery
 e - a ring of protection from fire (left hand)
 i - a ring of willpower (right hand)
Scrolls
 a - 2 scrolls of identify
Potions
 b - 2 potions of curing
 d - 3 potions of might
 h - a potion of lignification
 l - a potion of haste {unknown}

Dungeon Overview and Level Annotations

Branches:
Dungeon (3/15)

Altars:
Fedhas

Shops:
D:3 *

Annotations:
D:3 exclusion: oklob plant


Message History

Enter note:
Enter note:
Enter note:
Enter note:
Enter note:
Enter note:
2952 ||| READING scroll labelled JUG YR ORU.
Blink to where?
Press: ? - help, Dir - move target, f - you Are you sure you want to cancel this blink?
As you read the scroll labelled JUG YR ORU, it crumbles to dust.
It was a scroll of blinking.
A nearby plant withers and dies. x2
The oklob plant spits acid at you. The splash of acid hits you!
The acid corrodes you!
Enter note:
Enter note:
Enter note:
Enter note:
Enter note:
Enter note:
Enter note:
Enter note: You hit the plant.
The plant begins to die.
You burn the plant.
The plant is lightly damaged.
You hit the fungus.
The fungus begins to die.
You burn the fungus. You slash the plant! You burn the plant.
The plant is lightly damaged.
You slash the fungus! You burn the fungus. You hit the plant.
You burn the plant.
The plant is lightly damaged.
You hit the fungus. You burn the fungus. You slash the plant!
You burn the plant.
The plant is lightly damaged.
You hit the fungus. You burn the fungus.
A nearby plant withers and dies.
A nearby fungus withers and dies.
The oklob plant spits acid at you. The splash of acid hits you!
Ouch! That really hurt!
You die...

P..~~~~~~~~~..PPPP#
..###~...
#.~~~~~~~~~~~.PP#.#
### #~#.#
P.~~~~...~~~~.PPPP#
~~~#.#
P.~~~~._.~~~~.P.P##
...##7.7
P.~~~~...~~~~.#P.##
.........
~~~.~~~~~.#.#P#
~..)##7.7
~~~.~~~~...#PP# ~~
#.# ~~~.~~~...#.P.#
#.# .~~.~~....@PPP#
... ...........#PP#
... P#PP###...P...#
~... #P# PPP....P##
~~.


P PP#.PPP.PPP# P.P#P#P.P....# ## ########### You could see an oklob plant.

Vanquished Creatures
  2 hounds (D:3)
  An adder (D:3)
  2 worms (D:2)
  4 dart slugs
  2 orcs (D:3)
  5 bats
  6 endoplasms
  2 giant cockroaches (D:1)
  5 hobgoblins
  5 quokkas
  8 ball pythons
  A frilled lizard (D:2)
  8 goblins
  6 kobolds
  9 rats
66 creatures vanquished.

Notes
Turn   | Place    | Note
-------+----------+-------------------------------------------
     0 | D:1      | qw the Gargoyle Fighter began the quest for the Orb.
     0 | D:1      | Reached XP level 1. HP: 14/14 MP: 1/1
     0 | D:1      | 0 ||| qw: Version: 0.3-a-9-g12657ce
     0 | D:1      | 0 ||| qw: Game counter: 1620
     0 | D:1      | 0 ||| qw: Always use a shield: true
     0 | D:1      | 0 ||| qw: God list: Okawaru
     0 | D:1      | 0 ||| qw: Allow faded altars: false
     0 | D:1      | 0 ||| qw: Do Orc after D:15 true
     0 | D:1      | 0 ||| qw: Do second Lair branch before Depths: true
     0 | D:1      | 0 ||| qw: Lair rune preference: random
     0 | D:1      | 0 ||| qw: Plans: Normal, Zot:1-4, Slime:5, God:TSO, Crypt,
                  | Tomb, Abyss, Pan, Hells, Win
     0 | D:1      | 0 ||| PLANNING D:1-11
    51 | D:1      | Reached skill level 2 in Axes
   103 | D:1      | 103 ||| Stepping ~*~*~tactically~*~*~ (stealth).
   111 | D:1      | 111 ||| FLEEEEING.
   113 | D:1      | 113 ||| FLEEEEING.
   114 | D:1      | 114 ||| FLEEEEING.
   115 | D:1      | 115 ||| FLEEEEING.
   116 | D:1      | 116 ||| FLEEEEING.
   117 | D:1      | 117 ||| FLEEEEING.
   118 | D:1      | 118 ||| FLEEEEING.
   119 | D:1      | 119 ||| FLEEEEING.
   120 | D:1      | 120 ||| FLEEEEING.
   122 | D:1      | 122 ||| FLEEEEING.
   123 | D:1      | 123 ||| FLEEEEING.
   167 | D:1      | Reached XP level 2. HP: 19/19 MP: 2/2
   181 | D:1      | 181 ||| DROPPING +0 club.
   223 | D:1      | 223 ||| Stepping ~*~*~tactically~*~*~ (hiding).
   227 | D:1      | 227 ||| Stepping ~*~*~tactically~*~*~ (hiding).
   511 | D:1      | Reached skill level 3 in Axes
   524 | D:1      | Reached XP level 3. HP: 16/23 MP: 3/3
   949 | D:1      | 949 ||| Stepping ~*~*~tactically~*~*~ (hiding).
  1118 | D:1      | 1118 ||| UPGRADING to +0 chain mail.
  1128 | D:1      | 1128 ||| DROPPING +0 scale mail.
  1129 | D:1      | 1129 ||| READING 2 scrolls labelled KOYHIO CAXEIT.
  1130 | D:1      | 1130 ||| READING scroll labelled HOCKIR QIFFEGE.
  1131 | D:1      | 1131 ||| DROPPING +0 whip.
  1466 | D:2      | 1466 ||| Stepping ~*~*~tactically~*~*~ (stealth).
  1470 | D:2      | 1470 ||| Stepping ~*~*~tactically~*~*~ (stealth).
  1486 | D:2      | 1486 ||| Stepping ~*~*~tactically~*~*~ (hiding).
  1520 | D:2      | 1520 ||| Stepping ~*~*~tactically~*~*~ (stealth).
  1819 | D:2      | Reached XP level 4. HP: 28/28 MP: 4/4
  2146 | D:2      | 2146 ||| UPGRADING to +0 pair of boots.
  2151 | D:2      | 2151 ||| UPGRADING to ring of protection from fire.
  2152 | D:2      | 2152 ||| UPGRADING to ring of willpower.
  2153 | D:2      | 2153 ||| DROPPING +6 ring of intelligence.
  2154 | D:2      | 2154 ||| READING scroll labelled ONWONN VAWN.
  2155 | D:2      | 2155 ||| READING scroll labelled UDISTOTITZ.
  2156 | D:2      | 2156 ||| DRINKING 2 fuming orange potions.
  2157 | D:2      | 2157 ||| READING 2 scrolls of identify.
  2157 | D:2      | 2157 ||| IDENTIFYING sedimented golden potion
  2378 | D:3      | 2378 ||| Stepping ~*~*~tactically~*~*~ (hiding).
  2529 | D:3      | Reached skill level 4 in Axes
  2578 | D:3      | 2578 ||| Stepping ~*~*~tactically~*~*~ (stealth).
  2580 | D:3      | 2580 ||| Stepping ~*~*~tactically~*~*~ (stealth).
  2582 | D:3      | 2582 ||| Stepping ~*~*~tactically~*~*~ (stealth).
  2584 | D:3      | 2584 ||| Stepping ~*~*~tactically~*~*~ (stealth).
  2586 | D:3      | 2586 ||| Stepping ~*~*~tactically~*~*~ (stealth).
  2588 | D:3      | 2588 ||| Stepping ~*~*~tactically~*~*~ (stealth).
  2590 | D:3      | 2590 ||| Stepping ~*~*~tactically~*~*~ (stealth).
  2592 | D:3      | 2592 ||| Stepping ~*~*~tactically~*~*~ (stealth).
  2594 | D:3      | 2594 ||| Stepping ~*~*~tactically~*~*~ (stealth).
  2596 | D:3      | 2596 ||| Stepping ~*~*~tactically~*~*~ (stealth).
  2598 | D:3      | 2598 ||| Stepping ~*~*~tactically~*~*~ (stealth).
  2600 | D:3      | 2600 ||| Stepping ~*~*~tactically~*~*~ (stealth).
  2602 | D:3      | 2602 ||| Stepping ~*~*~tactically~*~*~ (stealth).
  2604 | D:3      | 2604 ||| Stepping ~*~*~tactically~*~*~ (stealth).
  2606 | D:3      | 2606 ||| Stepping ~*~*~tactically~*~*~ (stealth).
  2608 | D:3      | 2608 ||| Stepping ~*~*~tactically~*~*~ (stealth).
  2643 | D:3      | Reached XP level 5. HP: 30/32 MP: 5/5
  2864 | D:3      | Found Pofeuhie's General Store.
  2919 | D:3      | Found a blossoming altar of Fedhas.
  2939 | D:3      | Noticed an oklob plant
  2952 | D:3      | 2952 ||| READING scroll labelled JUG YR ORU.
  2952 | D:3      | HP: 8/32 [oklob plant/splash of acid (8)]
  2958 | D:3      | Killed from afar by an oklob plant

Levels and vault maps discovered:
D:1:      onia_arrival_pyramid, layout_loops_corners
D:2:      layout_loops_corners, kennysheep_generic_room_2
D:3:      minmay_octagon_keep, layout_basic, tgw_fedhas, serial_shops,
          nicolae_shop_tiny_waterfront, kennysheep_minor_cross

Skill      XL: |  1  2  3  4 |
---------------+-------------+-----
Axes           | 2 3 4 |  4.8
Fighting       | |  3.2
Armour         | |  3.2
Shields        | |  3.2

Action                     |  1- 3 |  4- 6 || total
---------------------------+-------+-------++-------
  Melee: War axe           |   118 |    86 ||   204
    Use: Scroll            |     2 |     4 ||     6
         Potion            |       |     1 ||     1
 Armour: Scale mail        |    27 |       ||    27
         Chain mail        |    13 |    39 ||    52
  Dodge: Dodged            |    41 |    29 ||    70
  Block: Buckler           |    19 |    13 ||    32

Table legend:
 A = Non-vault XP
 B = Vault XP
 C = Vault XP percentage of total XP
 D = Non-vault monster count
 E = Vault monster count
 F = Vault count percentage of total count
                 A         B        C        D         E       F
            +---------+---------+-------+---------+---------+-------
      Total |     174 |      36 |  17.1 |      52 |      14 |  21.2
            +---------+---------+-------+---------+---------+-------
        D:1 |      47 |       0 |   0.0 |      26 |       0 |   0.0
        D:2 |      33 |       3 |   8.3 |      16 |       2 |  11.1
        D:3 |      94 |      33 |  26.0 |      10 |      12 |  54.5
            +---------+---------+-------+---------+---------+-------
